 Dungeon Crawl Stone Soup version 0.17-a0-1110-g19bd574 (webtiles) character file.

82 KlotserJr the Digger (level 4, -4/35 HPs)
             Began as a Demigod Earth Elementalist on May 22, 2015.
             Killed by divine providence
             ... invoked by an orc priest
              (11 damage)
             ... on level 3 of the Dungeon.
             The game lasted 00:27:22 (2650 turns).

KlotserJr the Digger (Demigod Earth Elementalist)   Turns: 2650, Time: 00:27:22

Health: -4/35      AC:  5    Str: 11    XL:     4   Next: 1%
Magic:  10/19      EV:  8    Int: 21    God:
Gold:   159        SH:  0    Dex: 16    Spells: 2 memorised, 4 levels left

rFire  . . .     SeeInvis .     p - +0 hunting sling
rCold  . . .     Clarity  .     h - +0 robe
rNeg   . . .     SustAt   +     (no shield)
rPois  .         Gourm    .     (no helmet)
rElec  .         Spirit   .     (no cloak)
rCorr  .         Warding  .     (no gloves)
rMut   .         Stasis   .     A - +2 pair of boots
MR     .....                    a - amulet of rage
Stlth  ++........               (no ring)
                                l - ring of magical power

@: very slightly contaminated, not resistant to hostile enchantments, unstealthy
A: high mp 1, sustain attributes
a: Evoke Berserk Rage


You were on level 3 of the Dungeon.
You were not hungry.

You visited 1 branch of the dungeon, and saw 4 of its levels.

You collected 159 gold pieces.

Inventory:

Hand weapons
 i - a +2 short sword of draining
 p - a +0 hunting sling (weapon)
Missiles
 g - 103 stones (quivered)
Armour
 h - a +0 robe (worn)
 A - a +2 pair of boots (worn)
Jewellery
 a - an amulet of rage (around neck)
 l - a ring of magical power (left hand)
Magical devices
 o - a wand of flame (30)
Scrolls
 b - a scroll of teleportation {unknown}
 f - a scroll of remove curse {unknown}
 n - a scroll of random uselessness {unknown}
 s - 2 scrolls of enchant weapon {unknown}
 t - a scroll of noise {unknown}
 u - a scroll of magic mapping {unknown}
 v - a scroll of identify {unknown}
 y - a scroll of amnesia {unknown}
Potions
 e - a potion of invisibility {unknown}
 k - 2 potions of haste {unknown}
 m - 5 potions of flight {unknown}
 r - a potion of degeneration {unknown}
 w - a potion of cancellation {unknown}
Books
 c - a book of Geomancy

   Spells                             Type                      Level
   a - Sandblast                      Earth                        1
   b - Stoneskin                      Transmutation/Earth          2
   c - Passwall                       Transmutation/Earth          3
   d - Stone Arrow                    Conjuration/Earth            3
   e - Petrify                        Transmutation/Earth          4
   f - Lee's Rapid Deconstruction     Earth                        5
Comestibles
 d - 5 bread rations
 j - a meat ration
 x - a slice of pizza
 z - a beef jerky


   Skills:
 * Level 1.0 Fighting
 - Level 0.6 Short Blades
 * Level 2.2 Dodging
 - Level 1.7 Stealth
 * Level 2.4 Spellcasting
 * Level 1.1 Transmutations
 + Level 3.3 Earth Magic


You had 4 spell levels left.
You knew the following spells:

 Your Spells              Type           Power        Failure   Level  Hunger
a - Sandblast             Erth           ###...       4%          1    None
b - Stoneskin             Trmt/Erth      ##......     12%         2    ##.....


Dungeon Overview and Level Annotations

Branches:
Dungeon (4/15)
 Temple: D:4-7


Innate Abilities, Weirdness & Mutations

You have an increased reservoir of magic (+10% MP).
Your attributes are resistant to harm.


Message History

Aiming: Sandblast
Press: ? - help, Shift-Dir - straight line, f/p - orc
Aim: an orc The blast of sand hits the orc.
The orc is heavily wounded.
The orc hits you with a hand axe.
Casting: Sandblast
Confirm with . or Enter, or press ? or * to list all spells.
Aiming: Sandblast
Press: ? - help, Shift-Dir - straight line, f/p - orc
Aim: an orc The blast of sand hits the orc.
You kill the orc!
You have reached level 4!
The orc priest calls down the wrath of Beogh upon you.
Something smites you!
* * * LOW HITPOINT WARNING * * *
The orc priest invokes the aid of Beogh against you.
Something smites you!
You die...

.(..(................
...)((...............
##(.)..####.o.#.# #.....# #...o..
#.....# #o#.o.# #. #....$#
#.##..# #...# #.....# #.##..#
#...# ####.#######.....#
#...######@o.o............#
#.......#####.....###.###..
#.......#....####.###'###..
#######..........................
.....##.......#....#####.........
####.##.......####### #.........
.........#........... #.........
.........#........... #...(.....
.........####........ #........#


You could see an orc priest and an orc.

Vanquished Creatures
  2 adders
  An ooze (D:1)
  A worm (D:2)
  4 orcs (D:3)
  7 bats
  6 giant cockroaches
  3 goblins
  6 hobgoblins
  4 kobolds (D:1)
  2 giant geckos (D:2)
  2 giant newts
  2 quokkas (D:3)
  15 rats
55 creatures vanquished.

Notes
Turn   | Place    | Note
--------------------------------------------------------------
     0 | D:1      | KlotserJr the Demigod Earth Elementalist began the quest for the Orb.
     0 | D:1      | Reached XP level 1. HP: 14/14 MP: 5/5
   357 | D:1      | Reached skill level 3 in Earth Magic
   470 | D:1      | Reached XP level 2. HP: 20/20 MP: 5/7
   598 | D:1      | Learned a level 2 spell: Stoneskin
  1032 | D:2      | Reached XP level 3. HP: 27/27 MP: 8/8
  1040 | D:2      | Reached skill level 1 in Transmutations
  1729 | D:3      | Reached skill level 1 in Fighting
  1905 | D:3      | HP: 1/28 [hobgoblin/club (6)]
  2649 | D:3      | Reached XP level 4. HP: 17/35 MP: 10/10
  2650 | D:3      | Killed from afar by an orc priest

Vault maps used:
D:1:      saegor_arrival_simple_d, minmay_misc_feat_five
D:2:      first_bread, minmay_rat_gold_closets
D:4:      grunt_qazlal_sundering, okawaru_gym_becter

Action                   |  1- 3 |  4- 6 || total
-------------------------+-------+-------++-------
Melee: Unarmed           |     7 |       ||     7
       Dagger            |     2 |       ||     2
       Short sword       |    42 |       ||    42
 Fire: Hunting sling     |    14 |       ||    14
 Cast: Sandblast         |   102 |     1 ||   103
       Stoneskin         |    17 |       ||    17
Evoke: Wand              |     2 |       ||     2
 Stab: Sleeping          |     5 |       ||     5
  Eat: Chunk             |     5 |       ||     5
       Fruit             |     2 |       ||     2
